 Dungeon Crawl Stone Soup version 0.29-a0-866-g0545e20025 (webtiles) character file.

Game seed: 5890720447092927953

3961 Ajdolov the Carver (level 10, -3/47 HPs)
             Began as a Vine Stalker Fighter on July 17, 2022.
             Was an Initiate of the Shining One.
             Slain by a wolf (4 damage)
             ... led by Grum
             ... on level 9 of the Dungeon.
             The game lasted 00:15:08 (7704 turns).

Ajdolov the Carver (Vine Stalker Fighter)           Turns: 7704, Time: 00:15:09

Health: -3/47      AC: 11    Str: 19    XL:     10   Next: 22%
Magic:  0/11       EV:  9    Int:  8    God:    the Shining One [......]
Gold:   698        SH:  6    Dex: 18    Spells: 9/9 levels left

rFire   . . .      SeeInvis .   I - +1 long sword
rCold   + . .      Faith    .   c - +0 buckler
rNeg    + . .      Spirit   +   b - +0 scale mail
rPois   .          Reflect  .   w - +0 helmet
rElec   .          Harm     .   L - +0 cloak
rCorr   .          Rampage  .   h - +2 pair of gloves
Will    +....                   (no boots)
Stlth   ..........              (no amulet)
HPRegen 0.95/turn               q - ring of protection from cold
MPRegen 0.12/turn               l - ring of positive energy

@: glowing
A: fangs 3, regeneration 1, magic shield, antimagic bite, no potion heal 2
a: Renounce Religion


You were on level 9 of the Dungeon.
You worshipped the Shining One.
The Shining One was noncommittal.
You visited 2 branches of the dungeon, and saw 10 of its levels.

You collected 698 gold pieces.

Inventory:

Hand Weapons
 I - a +1 long sword (weapon)
Missiles
 y - a curare-tipped dart (quivered)
Armour
 b - a +0 scale mail (worn)
 c - a +0 buckler (worn)
 h - a +2 pair of gloves (worn)
 w - a +0 helmet (worn)
 L - a +0 cloak (worn)
Jewellery
 l - a ring of positive energy (right hand)
 q - a ring of protection from cold (left hand)
 x - an amulet of magic regeneration
Wands
 B - a wand of flame (17)
 C - a wand of light (8)
 G - a wand of roots (3)
 J - a wand of digging (4)
 K - a wand of mindburst (17)
Scrolls
 e - 2 scrolls of immolation {unknown}
 f - 10 scrolls of teleportation
 m - 3 scrolls of magic mapping
 n - a scroll of blinking {unknown}
 r - 3 scrolls of enchant armour
 s - 6 scrolls of identify
 t - a scroll of poison {unknown}
 u - a scroll of amnesia {unknown}
 v - 3 scrolls of fog {unknown}
 E - a scroll of enchant weapon {unknown}
 F - a scroll of summoning {unknown}
Potions
 a - a potion of lignification {unknown}
 d - 4 potions of might
 g - a potion of invisibility {unknown}
 i - a potion of berserk rage {unknown}
 j - 7 potions of curing {unknown}
 k - 2 potions of flight {unknown}
 o - 2 potions of heal wounds {unknown}
 p - 3 potions of mutation {unknown}
 z - 3 potions of brilliance {unknown}
 A - a potion of resistance {unknown}
 D - 2 potions of attraction {unknown}
 H - 2 potions of degeneration {unknown}
 M - a potion of cancellation {unknown}
 N - a potion of magic {unknown}


   Skills:
 - Level 2.6 Fighting
 * Level 12.6 Long Blades
 - Level 2.4 Armour
 - Level 5.0 Shields


You had 9 spell levels left.
You didn't know any spells.
Your spell library contained the following spells:

 Spells                   Type           Power      Damage    Failure   Level
 Shock                    Conj/Air       0%         1d3       86%         1
 Gell's Gravitas          Tloc           0%         N/A       99%         3
 Swiftness                Air            0%         N/A       99%         3
 Teleport Other           Tloc           0%         N/A       99%         3
 Airstrike                Air            0%         0-1+      100%        4
 Dispersal                Tloc           0%         N/A       100%        6


Dungeon Overview and Level Annotations

Branches:
Dungeon (9/15)             Temple (1/1) D:4
   Lair: D:8-11         Orc: D:9-12

Altars:
Ashenzari
Cheibriados
Elyvilon
Fedhas
Gozag
Hepliaklqana
Kikubaaqudgha
Makhleb
Nemelex Xobeh
Qazlal
Sif Muna
Trog
Uskayaw
Vehumet
Wu Jian
Xom
Yredelemnul
Zin
The Shining One

Shops:
D:3 =   D:4 =   D:5 =

Annotations:
D:6 1 runed translucent door


Innate Abilities, Weirdness & Mutations

You have razor-sharp teeth.
Your natural rate of healing is unusually fast.
When hurt, damage is shared between your health and your magic reserves.
Your bite disrupts and absorbs the magic of your enemies.
Potions cannot restore your health.


Message History

The wolf bites you but does no damage.
You hit the wolf. Your bite misses the wolf.
The wolf is lightly wounded.
The wolf bites you! The wolf closely misses you.
You slash the wolf! You bite the wolf. You drain its power.
You feel invigorated.
The wolf is heavily wounded.
The wolf closely misses you. The wolf misses you.
The moth of wrath goads the rat on!
The rat goes berserk!
You miss the wolf.
The wolf is heavily wounded.
The wolf barely misses you.
You hit the wolf. Your bite misses the wolf.
The wolf is severely wounded.
The wolf bites you. The wolf barely misses you.
You closely miss the wolf. Your bite misses the wolf.
The wolf is severely wounded.
You block the wolf's attack. The wolf bites you.
You closely miss the wolf. Your bite misses the wolf.
The wolf is severely wounded.
The wolf barely misses you. The wolf bites you.
You hit the wolf.
The wolf is severely wounded.
The wolf barely misses you. The wolf bites you!
You are too injured to fight recklessly!
You are too injured to fight recklessly!
You closely miss the wolf.
The wolf is severely wounded.
You block the wolf's attack. The wolf bites you!
* * * LOW HITPOINT WARNING * * *
The wolf bites you.
* * * LOW HITPOINT WARNING * * *
Unknown command.
You closely miss the wolf. You bite the wolf. You drain its power.
You feel invigorated.
The wolf is severely wounded.
The wolf bites you!
* * * LOW HITPOINT WARNING * * *
The wolf bites you.
You die...

.#.#.# ##....h....##.#
#....## .....##
#....###....#.# #.#.##
.#.....
#...##y##...#.###...###
...####
###....###....#........<.
..##
#.#...........##.##.#####
..#######.##.........#
#.##.#
#.##.......##..rrr..#
#.##.#
#.##.####..#####h####
#.#### #.##.# #..#####@##
#.# #.##.####..##.##..#
#.# #......##......†#.#
#.#
#..#.#.###.##.#.#.#...
...
#........).###........
##.#.#.##### #######.#
#......# ######.# #.#


You could see a moth of wrath, a wolf (berserk) and 3 rats.

Vanquished Creatures
  Grum (D:9)
  A steam dragon (D:6)
  4 orc warriors (D:8)
  3 black bears
  An ice beast (D:7)
  4 ogres
  2 wolves (D:9)
  A centaur (D:6)
  A phantom (D:4)
  A kobold brigand (D:5)
  3 bullfrogs
  A necrophage (D:6)
  2 scorpions (D:5)
  2 gnoll sergeants
  8 wights
  3 killer bees (D:8)
  4 howler monkeys
  3 hounds (D:5)
  2 jellies
  Crazy Yiuf (D:7)
  2 gnoll boudas
  5 orc priests
  An iguana (D:4)
  2 orc wizards
  30 gnolls
  8 adders
  2 white imps
  62 orcs
  9 ball pythons
  6 bats
  9 endoplasms
  2 giant cockroaches
  11 goblins
  6 hobgoblins
  13 jackals
  2 quokkas
  5 frilled lizards
  3 kobolds
  7 rats
233 creatures vanquished.

Vanquished Creatures (others)
  4 fungi (D:7)
  2 plants (D:5)
  A withered plant (D:7)
7 creatures vanquished.

Grand Total: 240 creatures vanquished

Notes
Turn   | Place    | Note
-------+----------+-------------------------------------------
     0 | D:1      | Ajdolov the Vine Stalker Fighter began the quest for the
                  | Orb.
     0 | D:1      | Reached XP level 1. HP: 11/11 MP: 2/2
    33 | D:1      | Reached skill level 2 in Long Blades
    48 | D:1      | Reached XP level 2. HP: 13/16 MP: 3/3
   106 | D:1      | Found a faded altar of an unknown god.
   636 | D:1      | Reached XP level 3. HP: 11/19 MP: 4/4
   945 | D:2      | Found a bloodstained altar of Trog.
  1120 | D:2      | Reached skill level 3 in Long Blades
  1203 | D:2      | Gained mutation: Your natural rate of healing is unusually
                  | fast. [Vine Stalker growth]
  1203 | D:2      | Reached XP level 4. HP: 21/23 MP: 5/5
  2163 | D:3      | Found a radiant altar of Vehumet.
  2191 | D:3      | Found Raweonne's Jewellery Emporium.
  2411 | D:3      | Reached XP level 5. HP: 26/27 MP: 6/6
  2492 | D:4      | Reached skill level 4 in Long Blades
  2532 | D:4      | Found a broken altar of Ashenzari.
  2593 | D:4      | Noticed a phantom
  2601 | D:4      | Killed a phantom
  2643 | D:4      | Reached XP level 6. HP: 11/32 MP: 3/7
  2722 | D:4      | Found a staircase to the Ecumenical Temple.
  2728 | Temple   | Entered the Ecumenical Temple
  2837 | D:4      | Found Suosuod's Jewellery Emporium.
  3002 | D:4      | Found a sparkling altar of Nemelex Xobeh.
  3114 | D:5      | Entered Level 5 of the Dungeon
  3185 | D:5      | Reached skill level 5 in Long Blades
  3329 | D:5      | Found a white marble altar of Elyvilon.
  3585 | D:5      | Reached XP level 7. HP: 35/35 MP: 8/8
  3678 | D:5      | Reached skill level 6 in Long Blades
  3894 | D:5      | Found Qotuhaf's Jewellery Shoppe.
  3969 | D:5      | Reached skill level 5 in Shields
  4093 | D:5      | Reached skill level 7 in Long Blades
  4093 | D:5      | Gained mutation: You have razor-sharp teeth. [Vine Stalker
                  | growth]
  4093 | D:5      | Reached XP level 8. HP: 38/39 MP: 7/9
  4456 | D:6      | Found a glowing golden altar of the Shining One.
  4515 | D:6      | Found a blossoming altar of Fedhas.
  4557 | D:6      | Reached skill level 8 in Long Blades
  4592 | D:6      | Found a runed translucent door.
  4934 | D:6      | Found a shimmering blue altar of Sif Muna.
  5075 | D:6      | Reached skill level 9 in Long Blades
  5359 | D:7      | Found an ancient bone altar of Kikubaaqudgha.
  5445 | D:7      | Reached XP level 9. HP: 40/43 MP: 10/10
  5495 | D:7      | Reached skill level 10 in Long Blades
  5654 | D:7      | Found a runed translucent door.
  5655 | D:7      | Noticed Crazy Yiuf
  5719 | D:7      | Found an ornate altar of the Wu Jian Council.
  6108 | D:8      | Found a basalt altar of Yredelemnul.
  6580 | D:8      | Reached skill level 11 in Long Blades
  6888 | D:8      | Reached skill level 12 in Long Blades
  6888 | D:8      | Reached XP level 10. HP: 27/47 MP: 6/11
  7249 | D:6      | Became a worshipper of the Shining One
  7361 | D:7      | Killed Crazy Yiuf
  7642 | D:9      | Noticed Grum
  7660 | D:9      | Killed Grum
  7687 | D:9      | Noticed a moth of wrath
  7690 | D:9      | Found a bloodstained altar of Trog.
  7704 | D:9      | HP: 1/47 [wolf[Grum] (7)]
  7704 | D:9      | Slain by a wolf

Illustrated notes

Levels and vault maps discovered:
D:1:      dpeg_arrival_simpleton_b, layout_basic,
          hellmonk_ecumenical_altar_heavens_door, minmay_distorted
D:2:      layout_loops_ring, basic_altar
D:3:      layout_loops_cross, nicolae_vehumet_radiance, serial_shops, shop
D:4:      layout_cave_pools, mainiacjoe_overflow_brackets,
          evilmike_ruin_ashenzari, minmay_temple_entry_hall, serial_shops,
          nicolae_shop_statue_plus
D:5:      lemuel_castle_with_subvaults [lemuel_castle_interior_carwin_3],
          layout_cave_pods, kennysheep_mini_moat, serial_shops, shop_statue
D:6:      layout_loops_cross, mainiacjoe_overflow_paths, tso_metal_star,
          mainiacjoe_overflow_cross_hatched, lightli_church_of_beogh
D:7:      layout_cave_pools, kiku_gazebo_garden_becter,
          mainiacjoe_overflow_boulevard, minmay_misc_feat_more_columns,
          mrwooster_statue_mirror, uniq_crazy_yiuf_cottage
D:8:      layout_loops_corners, kennysheep_mini, special_room [special_room_orc]
D:9:      layout_loops_ring, tgw_trog, lemuel_crystal_altar,
          hangedman_decor_riveting, nicolae_diode_basic, uniq_grum
Temple:   nicolae_temple_colour_theory

Skill      XL: |  1  2  3  4  5  6  7  8  9 |
---------------+----------------------------+-----
Long Blades    | 2 3 4 5 7 9 12 | 12.6
Shields        | 3 4 5 |  5.0
Fighting       | |  2.6
Armour         | |  2.4

Action                   |  1- 3 |  4- 6 |  7- 9 | 10-12 || total
-------------------------+-------+-------+-------+-------++-------
Melee: Long sword        |    64 |   171 |   418 |    70 ||   723
       Bite              |    22 |    50 |   119 |    21 ||   212
Evoke: Wand              |       |       |     5 |       ||     5
  Use: Scroll            |       |     4 |       |       ||     4
 Stab: Invisible         |       |       |     1 |       ||     1
Armor: Scale mail        |    26 |    81 |   182 |    11 ||   300
Dodge: Dodged            |    26 |    57 |   193 |    31 ||   307
Block: Buckler           |    16 |    38 |   109 |    20 ||   183

Table legend: (Time is in decaauts)
 A = Elapsed time spent in this place.
 B = Non-inter-level travel time spent in this place.
 C = Inter-level travel time spent in this place.
 D = Time resting spent in this place.
 E = Time spent auto-exploring this place.
 F = Levels seen in this place.
 G = Mean time per level.
                   A        B        C        D        E       F      G
               +--------+--------+--------+--------+--------+-----+--------+
         Total |   7769 |   7224 |    545 |    122 |   5039 |  10 |  776.9 |
       Dungeon |   7701 |   7156 |    545 |    122 |   5039 |   9 |  855.7 |
        Temple |     68 |     68 |      0 |      0 |      0 |   1 |   68.0 |
               +--------+--------+--------+--------+--------+-----+--------+

Top non-repeatable levels by time:
     D:5: 1378 daAuts
     D:8: 1140 daAuts
     D:6: 1052 daAuts
     D:1: 958 daAuts
     D:2: 859 daAuts
     D:7: 831 daAuts
     D:3: 678 daAuts
     D:4: 595 daAuts
     D:9: 205 daAuts
  Temple: 68 daAuts
